AoeStats
← Ficticious Awareness

Arabia

508964465Analyzed
1v1 RM · 9d ago on Sep 24, 2026· 42m 41s· 2 players
Game mode
Random Map
Map size
Tiny (2 player)
Population
200
Speed
Normal
Resources
Standard
Victory
Conquest
Starting age
Dark Age
Ending age
Imperial Age
RankedLock teamsTeams togetherTeam positionsShared explorationLock speedFull tech treeHidden civsTurbo modeCheats
Victory
Defeat
🇲🇺 Magyars · Mauritius
1142
+26
🇩🇪 Franks · Germany
1126
-15
CruX_Paladin
9:44 Feudal Age
8:57 Loom
16:22 Forging
20:27 Double-Bit Axe
23:52 Castle Age
23:14 Scale Barding Armor
23:24 Gold Mining
29:46 Chain Barding Armor
35:22 Husbandry
Ficticious Awareness
7:12 Loom
9:20 Feudal Age
9:28 Man-at-Arms
10:05 Double-Bit Axe
14:59 Horse Collar
16:37 Fletching
22:35 Castle Age
20:39 Padded Archer Armor
21:40 Gold Mining
22:43 Crossbowman
23:19 Bodkin Arrow
27:14 Bow Saw
27:56 Bloodlines
27:47 Husbandry
28:38 Wheelbarrow
28:33 Leather Archer Armor
30:16 Ballistics
29:54 Town Watch
32:41 Thumb Ring
32:50 Stone Mining
33:34 Heavy Plow
35:40 Hand Cart
40:01 Imperial Age
38:12 Gold Shaft Mining
37:08 Light Cavalry
38:56 Corvinian Army
39:04 Scale Barding Armor
40:06 Chain Barding Armor
40:09 Town Patrol
40:54 Bracer
41:56 Chemistry
40:38 Arbalester
42:39 Conscription
Connection lost

Rejoining the realm…

Still unreachable

The connection could not be restored.

Session expired

The server has moved on; the page needs a fresh start.